TOP OF THE 1ST |
South Bend Cubs batting - Pitching for Hartford Yard Goats : LHP Steve Lima
|
Pitching: LHP Steve Lima
|
|
Batting: RHB Jason Ostrom
|
0-0: Bunt for hit to 3S - play at first, batter OUT! 3-4
|
Batting: RHB Mike Savage
|
0-0: Ball 1-0: Foul Ball, location: 2F 1-1: Foul Ball, location: 2F 1-2: Foul Ball, location: 2F 1-2: Ground out 1-3 (Groundball, 15S, EV 66.3 MPH)
|
Batting: LHB Mike DiNardo
|
0-0: Ball 1-0: Ball 2-0: Fly out, F8 (Line Drive, 8RM, EV 95.0 MPH)
|
Top of the 1st over - 0 runs, 0 hits, 0 errors, 0 left on base; South Bend 0 - Hartford 0 |
BOTTOM OF THE 1ST |
Hartford Yard Goats batting - Pitching for South Bend Cubs : RHP Daniel Sullivan
|
Pitching: RHP Daniel Sullivan
|
|
Batting: SHB Eddie Quinones
|
0-0: Ball 1-0: Foul Ball, location: 2F 1-1: Called Strike 1-2: Ball 2-2: Ball 3-2: Base on Balls
|
Batting: SHB Jon Munoz
|
0-0: Ball Eddie Quinones steals 2nd base 1-0: Foul Ball, location: 2F 1-1: Ball 2-1: Ball 3-1: Base on Balls
|
Batting: SHB Chris Besselman
|
0-0: Ball 1-0: Called Strike 1-1: Ball 2-1: Ball 3-1: Foul Ball, location: 2F 3-2: Base on Balls Eddie Quinones to third Jon Munoz to second
|
Batting: LHB Jeremy Brammer
|
0-0: DOUBLE (Line Drive, 78D, EV 98.8 MPH) Eddie Quinones scores Jon Munoz scores Chris Besselman to third
|
Batting: RHB Justin Williams
|
0-0: Called Strike 0-1: Foul Ball, location: 2F 0-2: TRIPLE (Line Drive, 78XD, EV 107.5 MPH) Chris Besselman scores Jeremy Brammer scores
|
Batting: RHB Kian-tat Chen
|
0-0: Fly out, F8 (Flyball, 8RM, EV 90.0 MPH) Runner from 3rd tags up, SCORES, throw by CF
|
Batting: LHB Eddie Gonzalez
|
0-0: SINGLE (Groundball, 56S, EV 68.8 MPH) (infield hit)
|
Batting: RHB Eric Garrett
|
0-0: Ball Eddie Gonzalez steals 2nd base 1-0: Ball 2-0: Ball 3-0: Called Strike 3-1: Base on Balls
|
Batting: LHB Mick Knopp
|
0-0: Called Strike 0-1: Ball 1-1: Ball 2-1: Swinging Strike 2-2: Foul Ball, location: 2F 2-2: Ball 3-2: Foul Ball, location: 2F 3-2: Fly out, F8 (Line Drive, 8RD, EV 91.3 MPH)
|
Batting: SHB Eddie Quinones
|
0-0: Ball Passed Ball! Eddie Gonzalez to third Eric Garrett to second 1-0: Ball 2-0: Called Strike 2-1: SINGLE (Groundball, 6D, EV 99.4 MPH) Eddie Gonzalez scores Eric Garrett to third Runner from 3rd tries for Home, SAFE, throw by CF to home Eddie Quinones to second
|
Batting: SHB Jon Munoz
|
0-0: Called Strike 0-1: Ground out 6-3 (Groundball, 6, EV 98.8 MPH)
|
Bottom of the 1st over - 7 runs, 4 hits, 0 errors, 1 left on base; South Bend 0 - Hartford 7 |
TOP OF THE 2ND |
South Bend Cubs batting - Pitching for Hartford Yard Goats : LHP Steve Lima
|
Batting: LHB Shuan-yan Wu
|
0-0: Swinging Strike 0-1: Ball 1-1: Reached via error on a dropped throw from SS, E3 (Groundball, 6, EV 85.0 MPH)
|
Batting: SHB Benoît Morin
|
0-0: Ball 1-0: Called Strike 1-1: Ball 2-1: Foul Ball, location: 2F 2-2: Fielders Choice at 2nd, 3-6 (Groundball, 34, EV 99.4 MPH)
|
Batting: LHB Andy Bordeaux
|
0-0: Called Strike 0-1: Called Strike 0-2: Ball 1-2: Ball 2-2: Strikes out swinging
|
Batting: LHB Jim Polson
|
0-0: Ball 1-0: Called Strike Benoît Morin steals 2nd base (no throw) 1-1: Swinging Strike 1-2: Foul Ball, location: 2F 1-2: Ball 2-2: Ball 3-2: Ground out 4-3 (Groundball, 4, EV 81.9 MPH)
|
Top of the 2nd over - 0 runs, 0 hits, 1 error, 1 left on base; South Bend 0 - Hartford 7 |
BOTTOM OF THE 2ND |
Hartford Yard Goats batting - Pitching for South Bend Cubs : RHP Daniel Sullivan
|
Batting: SHB Chris Besselman
|
0-0: Called Strike 0-1: Foul Ball, location: 2F 0-2: Ground out 5-3 (Groundball, 56, EV 100.0 MPH)
|
Pitching: RHP Devin Ward
|
|
Batting: LHB Jeremy Brammer
|
0-0: Called Strike 0-1: Swinging Strike 0-2: Ground out 4-3 (Groundball, 4, EV 87.5 MPH)
|
Batting: RHB Justin Williams
|
0-0: Called Strike 0-1: Ground out 3-1 (Groundball, 34S, EV 83.8 MPH)
|
Bottom of the 2nd over - 0 runs, 0 hits, 0 errors, 0 left on base; South Bend 0 - Hartford 7 |
TOP OF THE 3RD |
South Bend Cubs batting - Pitching for Hartford Yard Goats : LHP Steve Lima
|
Batting: RHB Omar Novoa
|
0-0: Fly out, F4 (Popup, 3D, EV 50.6 MPH)
|
Batting: SHB Alvaro Andrade
|
0-0: Foul Ball, location: 2F 0-1: Ground out 5-3 (Groundball, 56S, EV 89.4 MPH)
|
Batting: RHB Jason Ostrom
|
0-0: Ball 1-0: Ball 2-0: SINGLE (Groundball, 6MS, EV 64.4 MPH) (infield hit)
|
Batting: RHB Mike Savage
|
0-0: Called Strike 0-1: Foul Ball, location: 2F 0-2: Foul Ball, location: 2F 0-2: Ball 1-2: Ball Jason Ostrom steals 2nd base (no throw) 2-2: Fly out, F7 (Line Drive, 7, EV 94.4 MPH)
|
Top of the 3rd over - 0 runs, 1 hit, 0 errors, 1 left on base; South Bend 0 - Hartford 7 |
BOTTOM OF THE 3RD |
Hartford Yard Goats batting - Pitching for South Bend Cubs : RHP Devin Ward
|
Batting: RHB Kian-tat Chen
|
0-0: Called Strike 0-1: Swinging Strike 0-2: Ball 1-2: Ball 2-2: Foul Ball, location: 2F 2-2: Ball 3-2: Foul Ball, location: 2F 3-2: Foul Ball, location: 2F 3-2: Base on Balls
|
Batting: LHB Eddie Gonzalez
|
0-0: Ball Kian-tat Chen steals 2nd base 1-0: Foul Ball, location: 2F 1-1: Swinging Strike 1-2: Ball 2-2: SINGLE (Groundball, 4S, EV 76.9 MPH) (infield hit) Kian-tat Chen to third
|
Pitching: LHP Nate George
|
|
Batting: RHB Eric Garrett
|
0-0: Called Strike Eddie Gonzalez steals 2nd base 0-1: Ball 1-1: Ball 2-1: SINGLE (Groundball, 4MD, EV 105.0 MPH) Kian-tat Chen scores Eddie Gonzalez to third Runner from 3rd tries for Home, SAFE, throw by CF to home
|
Batting: LHB Mick Knopp
|
0-0: Ball 1-0: Ball 2-0: Called Strike 2-1: Called Strike 2-2: Fielders Choice at 2nd, 4-6 (Groundball, 34, EV 86.3 MPH)
|
Batting: SHB Eddie Quinones
|
0-0: Called Strike 0-1: Foul Ball, location: 2F 0-2: Ball 1-2: Fly out, F6 (Popup, 4S, EV 67.5 MPH)
|
Batting: SHB Jon Munoz
|
0-0: Foul Ball, location: 2F 0-1: Ball 1-1: Ball 2-1: Ball 3-1: Called Strike 3-2: Base on Balls Mick Knopp to second
|
Pitching: RHP Josh Deyo
|
|
Batting: SHB Chris Besselman
|
0-0: SINGLE (Groundball, 34, EV 98.1 MPH) Mick Knopp to third Jon Munoz to second Runner from 3rd tries for Home, SAFE, throw by RF to home
|
Batting: LHB Jeremy Brammer
|
0-0: Ball 1-0: Ball 2-0: Called Strike 2-1: Foul Ball, location: 2F 2-2: Foul Ball, location: 2F 2-2: 3-RUN HOME RUN (Flyball, 8LXD, EV 111.9 MPH), Distance : 417 ft
|
Batting: RHB Justin Williams
|
0-0: Ball 1-0: Ball 2-0: Called Strike 2-1: Ball 3-1: Foul Ball, location: 2F 3-2: Foul Ball, location: 2F 3-2: Base on Balls
|
Batting: RHB Kian-tat Chen
|
0-0: Foul Ball, location: 2F 0-1: Called Strike 0-2: Ball 1-2: Ball 2-2: Fly out, F8 (Flyball, 8RD, EV 108.8 MPH)
|
Bottom of the 3rd over - 6 runs, 4 hits, 0 errors, 1 left on base; South Bend 0 - Hartford 13 |
TOP OF THE 4TH |
South Bend Cubs batting - Pitching for Hartford Yard Goats : LHP Steve Lima
|
Batting: LHB Mike DiNardo
|
0-0: Hit by Pitch
|
Batting: LHB Shuan-yan Wu
|
0-0: Called Strike 0-1: Ball 1-1: Foul Ball, location: 2F 1-2: Foul Ball, location: 2F 1-2: Ball 2-2: Strikes out swinging
|
Batting: SHB Benoît Morin
|
0-0: Ball 1-0: Fielders Choice at 2nd, 3-6 (Groundball, 34, EV 90.0 MPH)
|
Batting: LHB Andy Bordeaux
|
0-0: Called Strike 0-1: Ball 1-1: Swinging Strike 1-2: Foul Ball, location: 2F 1-2: Strikes out swinging
|
Top of the 4th over - 0 runs, 0 hits, 0 errors, 1 left on base; South Bend 0 - Hartford 13 |
BOTTOM OF THE 4TH |
Hartford Yard Goats batting - Pitching for South Bend Cubs : RHP Josh Deyo
|
Pitching: RHP Jean-Paul Lefebvre
|
|
Batting: LHB Eddie Gonzalez
|
0-0: Foul Ball, location: 2F 0-1: Swinging Strike 0-2: Strikes out looking
|
Batting: RHB Eric Garrett
|
0-0: Ball 1-0: Ball 2-0: Ground out 5-3 (Groundball, 56S, EV 90.0 MPH)
|
Batting: LHB Mick Knopp
|
0-0: Ball 1-0: Swinging Strike 1-1: SINGLE (Groundball, P, EV 88.8 MPH) (infield hit)
|
Batting: SHB Eddie Quinones
|
0-0: Ball 1-0: Ball 2-0: Called Strike 2-1: Ball 3-1: Called Strike 3-2: Ground out 6-3 (Groundball, 6M, EV 97.5 MPH)
|
Bottom of the 4th over - 0 runs, 1 hit, 0 errors, 1 left on base; South Bend 0 - Hartford 13 |
TOP OF THE 5TH |
South Bend Cubs batting - Pitching for Hartford Yard Goats : LHP Steve Lima
|
Batting: LHB Jim Polson
|
0-0: Called Strike 0-1: Foul Ball, location: 2F 0-2: Strikes out looking
|
Batting: RHB Omar Novoa
|
0-0: Called Strike 0-1: Foul Ball, location: 2F 0-2: Strikes out swinging
|
Batting: SHB Alvaro Andrade
|
0-0: Ball 1-0: Foul Ball, location: 2F 1-1: Foul Ball, location: 2F 1-2: Strikes out swinging
|
Top of the 5th over - 0 runs, 0 hits, 0 errors, 0 left on base; South Bend 0 - Hartford 13 |
BOTTOM OF THE 5TH |
Hartford Yard Goats batting - Pitching for South Bend Cubs : RHP Jean-Paul Lefebvre
|
Batting: SHB Jon Munoz
|
0-0: Called Strike 0-1: Foul Ball, location: 2F 0-2: Ball 1-2: Ball 2-2: Foul Ball, location: 2F 2-2: Fly out, F7 (Flyball, 78S, EV 81.9 MPH)
|
Pitching: RHP Jason Scott
|
|
Batting: SHB Chris Besselman
|
0-0: Ball 1-0: Swinging Strike 1-1: Foul Ball, location: 2F 1-2: Ball 2-2: Foul Ball, location: 2F 2-2: Foul Ball, location: 2F 2-2: Foul Ball, location: 2F 2-2: Foul Ball, location: 2F 2-2: Ball 3-2: SOLO HOME RUN (Flyball, 89XD, EV 101.9 MPH), Distance : 408 ft
|
Batting: LHB Jeremy Brammer
|
0-0: Ball 1-0: Ball 2-0: Called Strike 2-1: Ground out 6-3 (Groundball, 6, EV 103.1 MPH)
|
Batting: RHB Justin Williams
|
0-0: Ball 1-0: Swinging Strike 1-1: Called Strike 1-2: Ball 2-2: Foul Ball, location: 2F 2-2: Ground out 3-1 (Groundball, 34, EV 82.5 MPH)
|
Bottom of the 5th over - 1 run, 1 hit, 0 errors, 0 left on base; South Bend 0 - Hartford 14 |
TOP OF THE 6TH |
South Bend Cubs batting - Pitching for Hartford Yard Goats : LHP Steve Lima
|
Batting: RHB Jason Ostrom
|
0-0: Called Strike 0-1: Called Strike 0-2: Strikes out looking
|
Batting: RHB Mike Savage
|
0-0: Ball 1-0: Ball 2-0: Ball 3-0: Called Strike 3-1: Base on Balls
|
Batting: LHB Mike DiNardo
|
Pickoff Throw to First - Error! E1 Mike Savage to second 0-0: Ball 1-0: Called Strike 1-1: Fly out, F8 (Flyball, 8RD, EV 110.0 MPH)
|
Batting: LHB Shuan-yan Wu
|
0-0: Ball 1-0: Called Strike 1-1: Swinging Strike 1-2: Fly out, F4 (Line Drive, 4, EV 66.9 MPH)
|
Top of the 6th over - 0 runs, 0 hits, 1 error, 1 left on base; South Bend 0 - Hartford 14 |
BOTTOM OF THE 6TH |
Hartford Yard Goats batting - Pitching for South Bend Cubs : RHP Jason Scott
|
Pitching: LHP Jose Carrillo
|
|
Batting: RHB Kian-tat Chen
|
0-0: Ball 1-0: Foul Ball, location: 2F 1-1: Ball 2-1: Fly out, F8 (Flyball, 8LS, EV 90.6 MPH)
|
Batting: LHB Eddie Gonzalez
|
0-0: Called Strike 0-1: Ball 1-1: DOUBLE (Line Drive, 89XD, EV 102.5 MPH)
|
Batting: RHB Eric Garrett
|
0-0: Called Strike 0-1: Foul Ball, location: 2F 0-2: Foul Ball, location: 2F 0-2: Foul Ball, location: 2F 0-2: Ball 1-2: Ball 2-2: Ground out 1-3 (Groundball, 13S, EV 73.8 MPH) Eddie Gonzalez to third
|
Batting: LHB Mick Knopp
|
0-0: Ball 1-0: Ball 2-0: Foul Ball, location: 2F 2-1: Ball 3-1: Base on Balls
|
Pitching: RHP Eric Allen
|
|
Batting: SHB Eddie Quinones
|
0-0: Ball 1-0: Ball 2-0: Called Strike 2-1: Ball 3-1: Swinging Strike 3-2: Fly out, F3 (Flyball, 3D, EV 79.4 MPH)
|
Bottom of the 6th over - 0 runs, 1 hit, 0 errors, 2 left on base; South Bend 0 - Hartford 14 |
TOP OF THE 7TH |
South Bend Cubs batting - Pitching for Hartford Yard Goats : LHP Steve Lima
|
Batting: SHB Benoît Morin
|
0-0: Ball 1-0: Ball 2-0: Fly out, F4 (Flyball, 34D, EV 85.0 MPH)
|
Batting: LHB Andy Bordeaux
|
0-0: Ground out 4-3 (Groundball, 4, EV 105.6 MPH)
|
Batting: LHB Jim Polson
|
0-0: Foul Ball, location: 2F 0-1: Ball 1-1: Swinging Strike 1-2: Strikes out swinging
|
Top of the 7th over - 0 runs, 0 hits, 0 errors, 0 left on base; South Bend 0 - Hartford 14 |
BOTTOM OF THE 7TH |
Hartford Yard Goats batting - Pitching for South Bend Cubs : RHP Eric Allen
|
Batting: SHB Jon Munoz
|
0-0: Called Strike 0-1: Ball 1-1: Swinging Strike 1-2: Ball 2-2: Ball 3-2: Base on Balls
|
Batting: SHB Chris Besselman
|
0-0: DOUBLE (Flyball, 8LXD, EV 102.5 MPH) Jon Munoz to third
|
Batting: LHB Jeremy Brammer
|
0-0: Hit by Pitch
|
Batting: RHB Justin Williams
|
0-0: Ball 1-0: Ball 2-0: Called Strike 2-1: Ball 3-1: Base on Balls Jon Munoz scores Chris Besselman to third Jeremy Brammer to second
|
Pitching: RHP John Madden
|
|
Batting: RHB Kian-tat Chen
|
0-0: Foul Ball, location: 2F 0-1: Ball 1-1: Ball 2-1: Called Strike 2-2: Foul Ball, location: 2F 2-2: Ball 3-2: GRAND SLAM HOME RUN (Flyball, 89XD, EV 96.9 MPH), Distance : 385 ft
|
Batting: LHB Eddie Gonzalez
|
0-0: Fly out, F9 (Line Drive, 9D, EV 100.0 MPH)
|
Batting: RHB Eric Garrett
|
0-0: Ball 1-0: Called Strike 1-1: Foul Ball, location: 2F 1-2: Ball 2-2: Ball 3-2: Base on Balls
|
Batting: LHB Mick Knopp
|
0-0: Ball 1-0: Fly out, F7 (Flyball, 8LS, EV 88.1 MPH)
|
Batting: SHB Eddie Quinones
|
0-0: Ball 1-0: Ball 2-0: Ball 3-0: Called Strike 3-1: Base on Balls Eric Garrett to second
|
Pitching: LHP Bill Tardiff
|
|
Batting: SHB Jon Munoz
|
0-0: Called Strike 0-1: Ball 1-1: Called Strike 1-2: Ball 2-2: Foul Ball, location: 2F 2-2: Strikes out swinging
|
Bottom of the 7th over - 5 runs, 2 hits, 0 errors, 2 left on base; South Bend 0 - Hartford 19 |
TOP OF THE 8TH |
South Bend Cubs batting - Pitching for Hartford Yard Goats : LHP Steve Lima
|
Pitching: RHP Nate Dallman
|
|
Batting: RHB Omar Novoa
|
0-0: Ball 1-0: Ground out 4-3 (Groundball, 13, EV 88.1 MPH)
|
Batting: SHB Alvaro Andrade
|
0-0: Ball 1-0: Ball 2-0: Foul Ball, location: 2F 2-1: Ball 3-1: Swinging Strike 3-2: Foul Ball, location: 2F 3-2: Base on Balls
|
Batting: RHB Jason Ostrom
|
0-0: Called Strike 0-1: Called Strike 0-2: Grounds into double play, 5-4-3 (Groundball, 56, EV 106.3 MPH)
|
Top of the 8th over - 0 runs, 0 hits, 0 errors, 0 left on base; South Bend 0 - Hartford 19 |
BOTTOM OF THE 8TH |
Hartford Yard Goats batting - Pitching for South Bend Cubs : LHP Bill Tardiff
|
Batting: SHB Chris Besselman
|
0-0: Ball 1-0: SINGLE (Groundball, 34D, EV 102.5 MPH)
|
Batting: LHB Jeremy Brammer
|
0-0: Ball 1-0: Called Strike 1-1: Ball 2-1: Ball 3-1: Swinging Strike 3-2: 2-RUN HOME RUN (Flyball, 89XD, EV 95.0 MPH), Distance : 389 ft
|
Batting: RHB Justin Williams
|
0-0: Ball 1-0: Foul Ball, location: 2F 1-1: Swinging Strike 1-2: Strikes out swinging
|
Batting: RHB Kian-tat Chen
|
0-0: Ball 1-0: Ball 2-0: Ball 3-0: Called Strike 3-1: Called Strike 3-2: Base on Balls
|
Batting: LHB Eddie Gonzalez
|
0-0: Called Strike 0-1: Ball 1-1: Foul Ball, location: 2F 1-2: Ball 2-2: Foul Ball, location: 2F 2-2: Foul Ball, location: 2F 2-2: Ball Wild Pitch! Kian-tat Chen to second 3-2: Foul Ball, location: 2F 3-2: Base on Balls
|
Batting: RHB Eric Garrett
|
0-0: Ball 1-0: Ball 2-0: Ball 3-0: Base on Balls Kian-tat Chen to third Eddie Gonzalez to second
|
Batting: LHB Mick Knopp
|
0-0: Ball Wild Pitch! Kian-tat Chen scores Eddie Gonzalez to third Eric Garrett to second 1-0: Called Strike 1-1: Ball 2-1: Ball 3-1: Fly out, F8 (Flyball, 89D, EV 99.4 MPH) Runner from 3rd tags up, SCORES, no throw by CF
|
Batting: SHB Eddie Quinones
|
0-0: Ball 1-0: Foul Ball, location: 2F 1-1: Ball 2-1: Foul Ball, location: 2F 2-2: Ball 3-2: Ground out 6-3 (Groundball, 6M, EV 87.5 MPH)
|
Bottom of the 8th over - 4 runs, 2 hits, 0 errors, 1 left on base; South Bend 0 - Hartford 23 |
TOP OF THE 9TH |
South Bend Cubs batting - Pitching for Hartford Yard Goats : RHP Nate Dallman
|
Batting: RHB Mike Savage
|
0-0: Ball 1-0: Ball 2-0: SINGLE (Line Drive, 9LS, EV 103.8 MPH)
|
Batting: LHB Mike DiNardo
|
0-0: Ball 1-0: Called Strike 1-1: Swinging Strike 1-2: Ball 2-2: Foul Ball, location: 2F 2-2: Foul Ball, location: 2F 2-2: Ball 3-2: Base on Balls Mike Savage to second
|
Batting: LHB Shuan-yan Wu
|
0-0: Foul Ball, location: 2F 0-1: Ball 1-1: Called Strike 1-2: Ball 2-2: Ball Passed Ball! Mike Savage to third Mike DiNardo to second 3-2: Base on Balls
|
Pitching: LHP Ryan Morlan
|
|
Batting: SHB Benoît Morin
|
0-0: Called Strike 0-1: Swinging Strike 0-2: Foul Ball, location: 2F 0-2: Strikes out swinging
|
Batting: LHB Andy Bordeaux
|
0-0: Called Strike 0-1: Ball Wild Pitch! Mike Savage scores Mike DiNardo to third Shuan-yan Wu to second 1-1: Swinging Strike 1-2: Ball 2-2: Strikes out looking
|
Batting: LHB Jim Polson
|
0-0: Ball 1-0: Called Strike 1-1: Foul Ball, location: 2F 1-2: Ground out U3 (Groundball, 3S, EV 87.5 MPH)
|
Top of the 9th over - 1 run, 1 hit, 0 errors, 2 left on base; South Bend 1 - Hartford 23 |
|